AoeStats
← enriquelegion117

Arena

509958359Analyzed
1v1 RM · 2d ago on Sep 28, 2026· 48m 50s· 2 players
Game mode
Random Map
Map size
Tiny (2 player)
Population
200
Speed
Normal
Resources
Standard
Victory
Conquest
Starting age
Dark Age
Ending age
Imperial Age
RankedLock teamsTeams togetherTeam positionsShared explorationLock speedFull tech treeHidden civsTurbo modeCheats
Victory
Defeat
🇲🇽 Byzantines · Mexico
696
+29
🇲🇽 Romans · Mexico
717
-17
Pollo.mandujano_14
12:11 Feudal Age
10:27 Loom
12:13 Feudal Age
13:51 Double-Bit Axe
17:10 Stone Mining
17:35 Horse Collar
21:23 Castle Age
23:11 Bow Saw
23:10 Fletching
24:02 Heavy Plow
27:20 Forging
29:06 Gold Mining
32:39 Imperial Age
30:52 Wheelbarrow
30:35 Bodkin Arrow
31:17 Iron Casting
30:50 Scale Barding Armor
30:48 Bodkin Arrow
34:02 Conscription
34:20 Iron Casting
33:52 Scale Barding Armor
33:50 Cavalier
34:32 Husbandry
34:39 Bracer
34:34 Elite Cataphract
37:10 Logistica
37:26 Chain Barding Armor
38:30 Onager
44:06 Chemistry
43:27 Ballistics
42:49 Treadmill Crane
enriquelegion117
1:06 Loom
13:08 Feudal Age
13:50 Double-Bit Axe
15:02 Wheelbarrow
15:49 Horse Collar
22:23 Castle Age
22:16 Scale Mail Armor
24:17 Squires
23:38 Pikeman
25:52 Forging
28:15 Bow Saw
28:09 Heavy Plow
29:56 Gold Mining
30:00 Stone Mining
31:25 Chain Mail Armor
36:00 Imperial Age
35:07 Ballistics
36:12 Iron Casting
36:38 Ballistas
37:22 Masonry
39:27 Chemistry
39:34 Siege Engineers
43:59 Fletching
44:01 Crossbowman
45:09 Bodkin Arrow
46:25 Fortified Wall
46:39 Padded Archer Armor
Connection lost

Rejoining the realm…

Still unreachable

The connection could not be restored.

Session expired

The server has moved on; the page needs a fresh start.